Unix NetHack Version 5.0.0-0 post-release - last build May 10 2026 23:12:36 (d1fa5d53e341ca933230fdaa984d921c805b60aa,branch:main).

Game began 2026-05-12 00:41:09, ended 2026-05-12 00:47:47.

Drastanta, neutral male human Wizard

           --------                              --------
           |...(..-#######                     ##......{|
           |....>.|      ###    ------------   # |......|      ----------
           |......|        #####...........|   # |.......######-.`....^.|
           |......|             |.........{| ####.......|      |........|
           --.-----             |..........| ##  ----.---      +........|
             #                  |..........|##                 --------|-
             #                  -----.--.---#                          ###
             #                         ##   #                            #
           ###                         ### ###                           #
           #                            #   #                        --+-.--
           #                          ###   #                        |<....|
          -|--------             -----|- ####                        |.%...|
          |...f@...|             |.{....##                           |.....|
          |@.[%m??!|             |.....|                             |.....|
          |??![(?[!|             |...(.|                             |.....|
          ----------             |..*..|                             -------
                                 -------

Drastanta the Evoker      St:9 Dx:18 Co:14 In:16 Wi:9 Ch:11  Neutral
Dlvl:3  $:24 HP:0(17) Pw:20(20) AC:9  Xp:2 T:1022 

Latest messages:
 You see here a can of grease.
 You see here 2 orange gems.
 You swap places with your kitten.
 The door opens.
 The gecko bites!
 You miss the gecko.
 You miss the gecko.
 The gecko bites!
 You kill the gecko!
 You see here a gecko corpse.
 Your kitten eats a gecko corpse.
 You see here a chest.
 Hmmm, the chest turns out to be locked.
 In what direction? 4
 You kick a locked chest.
 THUD!
 You hear a muffled shatter.
 In what direction? 4
 You kick a locked chest.
 THUD!
 In what direction? 4
 You kick a locked chest.
 THUD!
 In what direction? 4
 You kick a locked chest.
 THUD!
 You break open the lock!
 You see here a broken chest.
 You see here a scroll labeled XIXAXA XOXAXA XUXAXA.
 u - a scroll labeled XIXAXA XOXAXA XUXAXA.
 You see here a scroll of enchant armor.
 You learn more about your items by comparing them.
 j - an uncursed scroll of enchant armor (3 in total).
 "Hello, Drastanta!  Welcome to Kabalebo's general store!"
 You hear a door open.
 Your kitten eats an egg.
 That strange object is a giant mimic!
 You cannot escape from the giant mimic!
 You cannot escape from the giant mimic!
 You cannot escape from the giant mimic!
 You cannot escape from the giant mimic!
 You cannot escape from the giant mimic!
 You cannot escape from the giant mimic!
 You cannot escape from the giant mimic!
 You cannot escape from the giant mimic!
 The giant mimic hits!
 The giant mimic hits again!
 You die...
 Kabalebo gratefully inherits all your possessions.
 Do you want to see what you had when you died? [ynq] (y) q

Inventory:
 Coins    ('$')
  $ - 24 gold pieces
 Amulets  ('"')
  o - an uncursed amulet of change
 Weapons  (')')
  a - a blessed +1 quarterstaff (weapon in hands)
 Armor    ('[')
  b - an uncursed +0 cloak of magic resistance (being worn)
 Comestibles  ('%')
  r - an uncursed food ration
 Scrolls  ('?')
  j - 3 uncursed scrolls of enchant armor
  i - an uncursed scroll of enchant weapon
  k - an uncursed scroll of identify
  u - an uncursed scroll of teleportation
 Spellbooks  ('+')
  l - a blessed spellbook of force bolt
  m - an uncursed spellbook of magic missile
 Potions  ('!')
  f - an uncursed potion of booze
  p - a blessed potion of enlightenment
  h - an uncursed potion of see invisible
  g - an uncursed potion of sickness
 Rings    ('=')
  d - a blessed +1 ring of adornment (on left hand)
  e - an uncursed ring of regeneration (on right hand)
 Wands    ('/')
  t - a wand of create monster (0:13)
  q - a wand of secret door detection (0:10)
  c - a wand of striking (0:4)
 Tools    ('(')
  n - a magic marker (0:19)

Drastanta the Wizard's attributes:

Background:
 You were an Evoker, a level 2 male human Wizard.
 You were neutral, nominally on a mission for Thoth
 who was opposed by Ptah (lawful) and Anhur (chaotic).
 You were right-handed.
 You were in the Dungeons of Doom, on level 3.
 You entered the dungeon 1022 turns ago.
 It was the midnight hour.
 You had 26 experience points, 14 more were needed to attain level 3.

Basics:
 You had 0 out of 17 hit points.
 You had all 20 energy points (spell power).
 Your armor class was 9.
 Your wallet contained 24 zorkmids.
 Autopickup was off.

Final Characteristics:
 Your strength was 9 (limit:18/100).
 Your dexterity was 18 (limit:18).
 Your constitution was 14 (limit:18).
 Your intelligence was 16 (limit:18).
 Your wisdom was 9 (limit:18).
 Your charisma was 11 (base:10, limit:18).

Final Status:
 You were held by a giant mimic (south).
 You weren't hungry.
 You were unencumbered.
 You were wielding a quarterstaff.
 You had basic skill with quarterstaff.

Final Attributes:
 You were nominally aligned.
 You were magic-protected.
 You were more charismatic.
 You regenerated.
 You were warded.
 You are dead.

Miscellaneous:
 You didn't encounter any bones levels.
 Total elapsed playing time was 6 minutes and 37 seconds.

Major events:
 Turn
    1: Drastanta the neutral male human Wizard entered the dungeon
  736: entered the Gnomish Mines
 1022: killed by a giant mimic

Spells:
 Name                 Level Category     Fail Retention
 force bolt             1   attack         0%  91%-100%
 magic missile          2   attack         0%  91%-100%

Skills:
 Fighting Skills
   bare handed combat [Unskilled]
   riding             [Unskilled]
 Weapon Skills
   dagger             [Unskilled]
   knife              [Unskilled]
   axe                [Unskilled]
   short sword        [Unskilled]
   club               [Unskilled]
   mace               [Unskilled]
   quarterstaff       [Basic]
   polearms           [Unskilled]
   spear              [Unskilled]
   trident            [Unskilled]
   sling              [Unskilled]
   dart               [Unskilled]
   shuriken           [Unskilled]
 Spellcasting Skills
   attack spells      [Basic]
   healing spells     [Unskilled]
   divination spells  [Unskilled]
   enchantment spells [Basic]
   clerical spells    [Unskilled]
   escape spells      [Unskilled]
   matter spells      [Unskilled]

Voluntary challenges:
 Character rerolling was not enabled.
 You were an atheist.
 You never genocided any monsters.
 You never polymorphed an object.
 You never changed form.
 You used no wishes.
Achievements:
 You entered the Gnomish Mines.
 You entered a shop.

 The Dungeons of Doom: levels 1 to 3
    Level 1:
    Level 2:
       A fountain.
       Stairs down to The Gnomish Mines.
    Level 3: <- You were here.
       A general store, a fountain, some sinks.
       Final resting place for
          you, killed by a giant mimic.
 The Gnomish Mines:
    Level 3:


Vanquished creatures:
  a giant rat
  a yellow mold
  a gecko
  a jackal
  3 goblins
  2 sewer rats
  4 lichens
  3 newts
16 creatures vanquished.

No species were genocided or became extinct.

Game over:
                       ----------
                      /          \
                     /    REST    \
                    /      IN      \
                   /     PEACE      \
                  /                  \
                  |    Drastanta     |
                  |      24 Au       |
                  |   killed by a    |
                  |   giant mimic    |
                  |                  |
                  |                  |
                  |       2026       |
                 *|     *  *  *      | *
        _________)/\\_//(\/(/\)/\//\/|_)_______

Goodbye Drastanta the Wizard...

You died in The Dungeons of Doom on dungeon level 3 with 246 points,
and 24 pieces of gold, after 1022 moves.
You were level 2 with a maximum of 17 hit points when you died.

